 Dungeon Crawl Stone Soup version 0.19.0-2-gae57169 (webtiles) character file.

122 sugabear the Slasher (level 5, -4/28 HPs)
             Began as a Vine Stalker Berserker on Nov 3, 2016.
             Was a Believer of Trog.
             Killed from afar by Natasha (5 damage)
             ... with a magic dart
             ... on level 2 of the Dungeon.
             The game lasted 00:01:58 (1617 turns).

sugabear the Slasher (Vine Stalker Berserker)       Turns: 1617, Time: 00:01:59

Health: -4/28      AC:  2    Str: 20    XL:     5   Next: 6%
Magic:  0/6        EV: 13    Int:  7    God:    Trog [**....]
Gold:   107        SH:  0    Dex: 14    Spells: 0 memorised, 4 levels left

rFire  . . .     SeeInvis .     a - +0 falchion
rCold  . . .     Gourm    .     b - +0 animal skin
rNeg   . . .     Faith    .     (no shield)
rPois  .         Spirit   +     (no helmet)
rElec  .         Reflect  .     (no cloak)
rCorr  .         Harm     .     (no gloves)
MR     .....                    (no boots)
Stlth  ++........               (no amulet)
                                (no ring)
                                (no ring)

@: slowed, very slow
A: fangs 2, regeneration 1, magic shield, antimagic bite, no device heal 3, rot
immunity
a: Berserk, Trog's Hand, Burn Spellbooks, Renounce Religion


You were on level 2 of the Dungeon.
You worshipped Trog.
Trog was pleased with you.
You were not hungry.

You visited 1 branch of the dungeon, and saw 2 of its levels.

You collected 107 gold pieces.

Inventory:

Hand Weapons
 a - a +0 falchion (weapon)
Missiles
 p - 6 silver javelins (quivered)
Armour
 b - a +0 animal skin (worn)
Jewellery
 n - an uncursed ring of ice
Scrolls
 d - a scroll of random uselessness {unknown}
 f - a scroll of remove curse {unknown}
 l - a scroll of noise {unknown}
 m - 3 scrolls of enchant weapon {unknown}
 q - 2 scrolls of recharging {unknown}
Potions
 e - a potion of haste {unknown}
 h - a potion of experience {unknown}
 j - a potion of resistance {unknown}
 r - a potion of degeneration {unknown}
 s - a potion of mutation {unknown}
Comestibles
 c - a bread ration
 g - 2 beef jerkies
 i - 2 chunks of flesh
 k - a meat ration
 o - a royal jelly


   Skills:
 + Level 3.3 Fighting
 + Level 3.9 Long Blades
 + Level 1.5 Armour
 + Level 2.3 Dodging
 + Level 1.6 Stealth


You had 4 spell levels left.
You didn't know any spells.

Dungeon Overview and Level Annotations

Branches:
Dungeon (2/15)

Altars:
Ashenzari
Dithmenos
Fedhas
Zin

Annotations:
D:2 Natasha


Innate Abilities, Weirdness & Mutations

You have extremely sharp teeth.
Your natural rate of healing is unusually fast.
When hurt, damage is shared between your health and your magic reserves.
Your bite disrupts and absorbs the magic of your enemies.
Potions and wands cannot restore your health.
You are immune to rotting.


Message History

Natasha casts a spell at you. The magic dart hits you!
Natasha completely misses you.
You hit Natasha.
Natasha is severely wounded.
Natasha barely misses you.
You barely miss Natasha. Your bite misses Natasha.
Natasha is severely wounded.
Natasha stares at you and mumbles some strange words.
The magic dart hits you!
* * * LOW HITPOINT WARNING * * *
Natasha hisses.
Natasha casts a spell at you.
You feel as though you will be slow longer.
You closely miss Natasha. Your bite misses Natasha.
Natasha is severely wounded.
Natasha claws you.
* * * LOW HITPOINT WARNING * * *
Natasha stares at you and mumbles some strange words.
The magic dart hits you!
You die...

#.# #...........†....#
#.# ######.#.###(##.##
#.# ##.#.##..##.# #.#
#........##.## ..##
#............# ...#
#........#...# ÷..###
#............# .....#
#....h.......# .#.#.##
#.....@.###..#
.#....####........###..#
.#.....................#
........##...########.##
............## #.#
#.......#############.#
###......†............#
#...#################
#####


You could see Natasha.

Vanquished Creatures
  Ijyb (D:2)
  Natasha (D:2)
  2 adders (D:2)
  A worm (D:2)
  2 dart slugs
  3 leopard geckos
  8 bats
  5 giant cockroaches
  3 goblins
  3 hobgoblins
  2 jackals (D:2)
  A quokka (D:2)
  3 frilled lizards (D:2)
  4 kobolds
  7 rats
46 creatures vanquished.

Notes
Turn   | Place    | Note
-------+----------+-------------------------------------------
     0 | D:1      | sugabear the Vine Stalker Berserker began the quest for the Orb.
     0 | D:1      | Reached XP level 1. HP: 11/11 MP: 2/2
    83 | D:1      | Reached XP level 2. HP: 12/16 MP: 3/3
   572 | D:1      | Reached XP level 3. HP: 19/19 MP: 4/4
  1264 | D:2      | Found a faded altar of an unknown god.
  1266 | D:2      | Noticed Ijyb
  1278 | D:2      | Killed Ijyb
  1278 | D:2      | Gained mutation: Your natural rate of healing is unusually fast. [Vine Stalker growth]
  1278 | D:2      | Reached XP level 4. HP: 24/24 MP: 3/5
  1361 | D:2      | Reached ** piety under Trog
  1372 | D:2      | Found a blossoming altar of Fedhas.
  1373 | D:2      | Found a glowing silver altar of Zin.
  1374 | D:2      | Found a shattered altar of Ashenzari.
  1374 | D:2      | Found a shadowy altar of Dithmenos.
  1439 | D:2      | Reached skill level 1 in Stealth
  1564 | D:2      | Noticed Natasha
  1570 | D:2      | Killed Natasha
  1570 | D:2      | Reached XP level 5. HP: 28/28 MP: 6/6
  1608 | D:2      | Noticed Natasha
  1617 | D:2      | HP: 1/28 [Natasha (4)]
  1617 | D:2      | Killed from afar by Natasha

Skill      XL: |  1  2  3  4 |
---------------+-------------+-----
Long Blades    | 3 |  3.9
Dodging        | 2 |  2.3
Fighting       | 3 |  3.3
Stealth        | 1 |  1.6
Armour         | |  1.5

Action                   |  1- 3 |  4- 6 || total
-------------------------+-------+-------++-------
Melee: Falchion          |    94 |    29 ||   123
       Bite              |    21 |     7 ||    28
Invok: Berserk           |     2 |     2 ||     4
 Stab: Sleeping          |     2 |     2 ||     4
  Eat: Chunk             |     2 |     4 ||     6
Armor: Animal skin       |    26 |     6 ||    32
Dodge: Dodged            |    86 |    17 ||   103
       Rpst.: Falchion   |    31 |     4 ||    35
